 Dungeon Crawl Stone Soup version 0.24-a0-170-gd8427f5 (webtiles) character file.

Game seed: 18346033911705448929

9 Dfrag the Firebug (level 2, 16/19 HPs)
             Began as a Demonspawn Fire Elementalist on Mar 9, 2019.
             Quit the game on level 1 of the Dungeon.
             The game lasted 00:00:28 (176 turns).

Dfrag the Firebug (Demonspawn Fire Elementalist)     Turns: 176, Time: 00:00:29

Health: 16/19      AC:  2    Str:  8    XL:     2   Next: 3%
Magic:  5/5        EV: 14    Int: 16    God:
Gold:   0          SH:  0    Dex: 13    Spells: 4/5 levels left

rFire    . . .     SeeInvis .   g - +2 whip (freeze)
rCold    . . .     Gourm    .   (no shield)
rNeg     . . .     Faith    .   a - +0 robe
rPois    .         Spirit   .   (helmet restricted)
rElec    .         Reflect  .   (no cloak)
rCorr    .         Harm     .   (no gloves)
MR       .....                  (no boots)
Stlth    ++........             (no amulet)
HPRegen  0.06/turn              e - +2 ring of evasion
MPRegen  0.09/turn              (no ring)

@: no status effects
A: antennae 1
a: no special abilities


You were on level 1 of the Dungeon.
You were not hungry.

You visited 1 branch of the dungeon, and saw 1 of its levels.

Inventory:

Hand Weapons
 g - a +2 whip of freezing (weapon)
Armour
 a - a +0 robe (worn)
Jewellery
 e - a +2 ring of evasion (left hand)
Scrolls
 b - a scroll of remove curse {unknown}
 d - a scroll of noise {unknown}
Potions
 f - a potion of haste {unknown}
Comestibles
 c - a ration


   Skills:
 - Level 1.7 Dodging
 - Level 1.7 Stealth
 + Level 2.2 Spellcasting
 + Level 1.4 Conjurations
 + Level 2.9 Fire Magic


You had 4 spell levels left.
You knew the following spells:

 Your Spells              Type           Power        Failure   Level  Hunger
a - Flame Tongue          Conj/Fire      #....        9%          1    #......

Your spell library contained the following spells:

 Spells                   Type           Power        Failure   Level  Hunger
 Throw Flame              Conj/Fire      #.....       13%         2    ###....
 Conjure Flame            Conj/Fire      #.......     26%         3    ###....
 Inner Flame              Hex/Fire       #.......     32%         3    ###....
 Sticky Flame             Conj/Fire      #.......     63%         4    #####..
 Fireball                 Conj/Fire      #.........   93%         5    ######.


Dungeon Overview and Level Annotations

Branches:
Dungeon (1/15)

Altars:
The Shining One


Innate Abilities, Weirdness & Mutations

You have a pair of small antennae on your head.


Message History

Found a stone staircase leading down.
Found a whip.
There is an open door here.
You see here a runed whip.
g - a runed whip Your +2 whip of freezing glows with a cold blue light!
g - a +2 whip of freezing (weapon)
A goblin comes into view. It is wielding a +0 club.
A goblin is nearby!
A goblin is nearby!
A gnoll comes into view. It is wielding a +0 spear.
Found a leather armour.
The helpless goblin fails to defend itself.
You hit the goblin. You freeze the goblin.
You kill the goblin!
You have reached level 2!
You feel monstrous as your demonic heritage exerts itself.
Your demonic ancestry asserts itself...
A pair of antennae grows on your head!
Are you sure you want to abandon this character and quit the game? (Confirm with "yes".)

###########
[.........###########
......)@...........>#
..g.....#.######.##.#
.######.#.# ##.##.# #.#.#
#...#.# #.#.# ##.#.#.#
#.#.# ##..#...# #######
#.#.###..###..## ......#
########.#.##..## ##..##
####.##
.........#'#..##...##..##


You could see a gnoll (sleeping).

Vanquished Creatures
  A dart slug (D:1)
  A giant cockroach (D:1)
  2 goblins (D:1)
  A hobgoblin (D:1)
  A frilled lizard (D:1)
6 creatures vanquished.

Notes
Turn   | Place    | Note
-------+----------+-------------------------------------------
     0 | D:1      | Dfrag the Demonspawn Fire Elementalist began the quest for
                  | the Orb.
     0 | D:1      | Reached XP level 1. HP: 13/13 MP: 3/3
   140 | D:1      | Found a glowing golden altar of the Shining One.
   175 | D:1      | Gained mutation: You have a pair of small antennae on your
                  | head. [demonic ancestry]
   175 | D:1      | Reached XP level 2. HP: 16/19 MP: 5/5
   176 | D:1      | Quit the game

Levels and vault maps discovered:
D:1:      dpeg_arrival_shrine, layout_basic, tso_metal_star

Action                   || total
-------------------------++-------
Melee: Unarmed           ||     9
       Whip              ||     1
 Cast: Flame Tongue      ||     8
 Stab: Sleeping          ||     1
Dodge: Dodged            ||     6

Table legend:
 A = Non-vault XP
 B = Vault XP
 C = Vault XP percentage of total XP
 D = Non-vault monster count
 E = Vault monster count
 F = Vault count percentage of total count
                 A         B        C        D         E       F
            +---------+---------+-------+---------+---------+-------
      Total |      13 |       0 |   0.0 |       6 |       0 |   0.0
            +---------+---------+-------+---------+---------+-------
        D:1 |      13 |       0 |   0.0 |       6 |       0 |   0.0
            +---------+---------+-------+---------+---------+-------
